 Dungeon Crawl Stone Soup version 0.31-a0-632-g766dd24fdf (webtiles) character file.

Game seed: 11305094937838340673

91 Midn8 the Shooter (level 4, -8/39 HPs)
             Began as a Naga Hexslinger on Aug 25, 2023.
             Killed from afar by an orc wizard (11 damage)
             ... with a puff of flame
             ... on level 4 of the Dungeon.
             The game lasted 00:05:02 (2126 turns).

Midn8 the Shooter (Naga Hexslinger)                 Turns: 2126, Time: 00:05:03

Health: -8/39      AC:  2    Str: 10    XL:     4   Next: 59%
Magic:  5/5        EV: 10    Int: 14    God:
Gold:   56         SH:  0    Dex: 15    Spells: 4/5 levels left

rFire   . . .        j - +4 short sword
rCold   . . .        (no shield)
rNeg    . . .        c - +0 robe
rPois   +            (no helmet)
rElec   .            (no cloak)
rCorr   .            (no gloves)
SInv    +            (no barding)
Will    .....        (no amulet)
Stlth   +            (no ring)
HPRegen 0.26/turn    (no ring)
MPRegen 0.09/turn

%: no passive effects
@: very slow
A: AC +1, large, see invisible, deformed body, poison resistance, slowness 2,
spit poison 1, naga tail 1
a: Spit Poison


You were on level 4 of the Dungeon.
You visited 1 branch of the dungeon, and saw 4 of its levels.

You collected 56 gold pieces.

Inventory:

Hand Weapons
 a - a +1 sling
 j - a +4 short sword (weapon)
Armour
 c - a +0 robe (worn)
Scrolls
 b - a scroll of poison
 i - a scroll of fear {unknown}
 k - a scroll of enchant weapon {unknown}
Potions
 f - a potion of heal wounds {unknown}
 l - a potion of mutation {unknown}
 m - a potion of brilliance {unknown}


   Skills:
 - Level 2.0 Fighting
 + Level 3.8 Ranged Weapons
 - Level 1.5 Dodging
 - Level 1.0 Spellcasting
 - Level 3.0 Hexes


You had 4 spell levels left.
You knew the following spells:

 Your Spells              Type           Power      Damage    Failure   Level
a - Slow                  Hex            36%        N/A       8%          1

Your spell library contained the following spells:

 Spells                   Type           Power      Damage    Failure   Level
 Inner Flame              Hex/Fire       4%         N/A       38%         3
 Portal Projectile        Hex/Tloc       8%         N/A       38%         3
 Cause Fear               Hex            4%         N/A       58%         4


Dungeon Overview and Level Annotations

Branches:
Dungeon (4/15)
 Temple: D:4-7

Altars:


Innate Abilities, Weirdness & Mutations

Your serpentine skin is tough. (AC +1)
You have supernaturally acute eyesight. (SInv)
Armour fits poorly on your strangely shaped body.
Your system is resistant to poisons. (rPois)
You cover ground very slowly.
You can spit poison.
You have a snake-like lower body.


Message History

A giant cockroach and an adder come into view.
Found a green potion.
You barely miss the phantom.
The phantom is severely damaged.
The adder hisses angrily.
The phantom hits you.
The phantom blinks!
You blink.
The phantom attacks as it pursues you! The phantom closely misses you.
A jelly comes into view.
The phantom hits you.
You hit the phantom.
The phantom is almost destroyed.
The phantom hits you.
You miss the phantom.
The phantom is almost destroyed.
The jelly quivers.
The phantom hits you but does no damage.
As you read the scroll labelled OSIZXYOMUN, it crumbles to dust.
The creatures around you are filled with an inner flame!
It was a scroll of immolation.
The phantom hits you!
* * * LOW HITPOINT WARNING * * *
The phantom blinks!
You blink.
As you read the scroll labelled QEZYITZ XAMAINK, it dissolves into smoke.
It was a scroll of fog.
The phantom closely misses you.
As you read the scroll labelled NANAME WICK, it crumbles to dust.
You feel strangely unstable.
It was a scroll of teleportation.
The phantom completely misses you. The phantom misses you.
Your surroundings suddenly seem different.
An orc and 2 orc wizards come into view.
Found a stone staircase leading up.
The orc shouts!
The orc wizard shouts!
The orc hits you with a +0 dagger.
* * * LOW HITPOINT WARNING * * *
Unknown command.
Okay, then.
The air fills with toxic fumes!
As you read the scroll of poison, it crumbles to dust.
The orc wizard gestures at you while chanting.
The puff of flame hits you!
You die...

§§#############
§§§§§§§@o§§§§§§
§§§§§§oo§§§##§§
§§§§§§§§§§§#
##§§§§§§§§§#
#§§§§§§§§§#
##§#§#§####
#§#§#§§ # §§###


You could see 2 orc wizards and an orc.

Vanquished Creatures
  4 gnolls
  An adder (D:2)
  2 worms (D:2)
  A dart slug (D:1)
  2 ball pythons
  3 bats
  3 endoplasms
  3 goblins
  6 hobgoblins
  3 kobolds
  3 quokkas
  2 frilled lizards
  A rat (D:1)
34 creatures vanquished.

Notes
Turn   | Place    | Note
-------+----------+-------------------------------------------
     0 | D:1      | Midn8 the Naga Hexslinger began the quest for the Orb.
     0 | D:1      | Reached XP level 1. HP: 18/18 MP: 2/2
   288 | D:1      | Reached XP level 2. HP: 24/26 MP: 3/3
   669 | D:2      | Reached XP level 3. HP: 14/32 MP: 4/4
  1159 | D:2      | Reached XP level 4. HP: 39/39 MP: 5/5
  1417 | D:2      | HP: 1/39 [gnoll/+0 trident (5)]
  1887 | D:3      | Identified the +7 whip of the Caustic God {antimagic, rPois
                  | rCorr Int-4 Dex+4}
  2056 | D:3      | You fall into a shaft and drop 1 floor!
  2082 | D:4      | Noticed a phantom
  2126 | D:4      | Killed from afar by an orc wizard

Illustrated notes

Levels and vault maps discovered:
D:1:      dpeg_arrival_pits, layout_loops_cross, dk_noncrumbling_4
D:2:      layout_loops_ring, serial_glass, glass_columns_a, glass_columns_b
D:3:      layout_basic, mainiacjoe_overflow_concentric_impassable,
          chequers_serial_rivers_small_3, nicolae_shop_vocational
D:4:      minmay_chambers_of_twos, layout_rooms, kennysheep_okawaru_gauntlet

Skill      XL: |  1  2  3 |
---------------+----------+-----
Fighting       | 2 |  2.0
Ranged Weapons | 2 3 |  3.8
Dodging        | |  1.5
Spellcasting   | |  1.0
Hexes          | |  3.0

Action                     |  1- 3 |  4- 6 || total
---------------------------+-------+-------++-------
  Melee: Short sword       |       |    11 ||    11
   Fire: Sling             |    79 |    48 ||   127
   Cast: Slow              |     5 |     9 ||    14
Ability: Spit Poison       |    10 |     9 ||    19
    Use: Scroll            |     1 |     5 ||     6
         Potion            |     1 |     3 ||     4
 Armour: Robe              |     3 |     7 ||    10
  Dodge: Dodged            |    19 |    33 ||    52

Table legend: (Time is in decaauts)
 A = Elapsed time spent in this place.
 B = Non-inter-level travel time spent in this place.
 C = Inter-level travel time spent in this place.
 D = Time resting spent in this place.
 E = Time spent auto-exploring this place.
 F = Levels seen in this place.
 G = Mean time per level.
                   A        B        C        D        E       F      G
               +--------+--------+--------+--------+--------+-----+--------+
         Total |   2689 |   2626 |     63 |    536 |   1703 |   4 |  672.2 |
       Dungeon |   2689 |   2626 |     63 |    536 |   1703 |   4 |  672.2 |
               +--------+--------+--------+--------+--------+-----+--------+

Top non-repeatable levels by time:
     D:2: 1322 daAuts
     D:1: 937 daAuts
     D:3: 348 daAuts
     D:4: 81 daAuts
